 Dungeon Crawl Stone Soup version 0.22-a0-469-gf26638a (webtiles) character file.

2567 MrLeft the Covert (level 9, 0/66 HPs)
             Began as a Vampire Assassin on June 11, 2018.
             Was a Follower of Makhleb.
             Slain by a killer bee (3 damage)
             ... on level 10 of the Dungeon.
             The game lasted 00:47:06 (10352 turns).

MrLeft the Covert (Vampire Assassin)               Turns: 10352, Time: 00:47:07

Health: 0/66       AC:  9    Str: 15    XL:     9   Next: 31%
Magic:  10/10      EV: 17    Int: 14    God:    Makhleb [*.....]
Gold:   338        SH:  0    Dex: 18    Spells: 8/8 levels left

rFire    . . .     SeeInvis +   D - +2 dagger (speed)
rCold    . . .     Gourm    .   (no shield)
rNeg     + + .     Faith    .   q - +2 robe {rN+}
rPois    .         Spirit   .   w - +0 helmet
rElec    .         Reflect  .   d - +2 cloak
rCorr    .         Harm     .   (no gloves)
MR       .....                  C - +0 pair of boots
Stlth    +++++.....             (no amulet)
HPRegen  0.21/turn              i - ring of see invisible
MPRegen  0.12/turn              (no ring)

@: mighty, lethally poisoned (0 -> -20)
A: fangs 3, see invisible, unbreathing
a: Bat Form, Renounce Religion


You were on level 10 of the Dungeon.
You worshipped Makhleb.
Makhleb was aware of your devotion.
You were not thirsty.

You visited 2 branches of the dungeon, and saw 9 of its levels.

You collected 414 gold pieces.
You spent 76 gold pieces at shops.

Inventory:

Hand Weapons
 b - a +0 blowgun
 h - a cursed +5 scimitar
 m - a +3 dagger of venom
 t - a +2 quarterstaff of chaos
 D - a +2 dagger of speed (weapon)
Missiles
 e - 33 poisoned needles
 f - 2 curare-tipped needles
 j - 18 bolts
 l - 2 javelins (quivered)
Armour
 d - a +2 cloak (worn)
 q - a +2 robe of positive energy (worn)
 u - a +1 chain mail of positive energy
 w - a +0 helmet (worn)
 C - a +0 pair of boots (worn)
Jewellery
 i - a ring of see invisible (left hand)
Scrolls
 a - a scroll of noise {unknown}
 n - 3 scrolls of teleportation
 p - 4 scrolls of remove curse
 v - 2 scrolls of amnesia
 x - a scroll of identify
Potions
 c - a potion of experience {unknown}
 g - 3 potions of blood
 r - a potion of flight


   Skills:
 + Level 4.5 Fighting
 + Level 7.5 Short Blades
 + Level 2.4 Throwing
 + Level 7.1 Dodging
 + Level 11.4 Stealth
 + Level 0.4 Unarmed Combat
   Level 1.8 Evocations


You had 8 spell levels left.
You didn't know any spells.
Your spell library was empty.

Dungeon Overview and Level Annotations

Branches:
Dungeon (7/15)             Temple (1/1) D:7             Orc (0/2) D:10

Altars:
Ashenzari
Cheibriados
Dithmenos
Elyvilon
Fedhas
Gozag
Hepliaklqana
Kikubaaqudgha
Makhleb
Nemelex Xobeh
Okawaru
Qazlal
Sif Muna
Trog
Uskayaw
Vehumet
Wu Jian
Xom
Zin
The Shining One

Shops:
D:5 =[*[?

Annotations:
D:10 Psyche


Innate Abilities, Weirdness & Mutations

You have razor-sharp teeth.
You have supernaturally acute eyesight. (SInv)
You can survive without breathing.


Message History

You feel sick.
The killer bee stings you but does no damage.
The killer bee misses you.
* * * LOW HITPOINT WARNING * * *
You feel sick. The killer bee misses you. The killer bee stings you.
* * * LOW HITPOINT WARNING * * *
Found a trident.
* * * LOW HITPOINT WARNING * * *
You feel sick. The killer bee misses you. x2
The killer bee closely misses you.
The killer bee stings you but does no damage.
Okay, then.
Okay, then.
You feel very mighty all of a sudden.
* * * LOW HITPOINT WARNING * * *
You feel sick. The killer bee misses you. The killer bee stings you.
* * * LOW HITPOINT WARNING * * *
You are more poisoned.
The killer bee poisons you! The killer bee stings you.
You die...

..#.............# #.#
..#.....†.......####.#
...................).#
...8.....>.....8..##.#
......ZZ.........###.#
..#.............## #.#
..#....y........# #.#
#..yyyy8......# #.#
#####@....##### #.#
...........## #.#
...........#
..#.........)
#............
#........##..
#........# ..
#........#


You could see 5 killer bees, a troll zombie and a hobgoblin skeleton.

Vanquished Creatures
  Sigmund (D:2)
  A hungry ghost (D:10)
  Menkaure (D:5)
  Edmund (D:5)
  A sky beast (D:6)
  2 black bears (D:6)
  2 phantoms
  A necrophage (D:7)
  A bullfrog (D:10)
  A troll zombie (D:10)
  6 wights
  A killer bee (D:10)
  2 howler monkeys
  5 crimson imps
  A bullfrog zombie (D:5)
  2 jellies
  A quasit (D:5)
  3 hounds
  2 orc priests
  Crazy Yiuf (D:2)
  4 orc wizards
  A bullfrog skeleton (D:5)
  Jessica (D:2)
  3 worker ants
  2 ogre zombies (D:10)
  A hound skeleton (D:4)
  2 worker ant zombies (D:6)
  A gnoll (D:1)
  6 adders
  A howler monkey skeleton (D:5)
  4 oozes
  2 adder skeletons
  A worm (D:4)
  2 dart slugs (D:3)
  2 leopard geckos (D:1)
  16 orcs
  7 bats
  3 giant cockroaches
  3 goblins
  7 hobgoblins
  4 jackals
  6 quokkas
  2 ball pythons
  2 frilled lizards
  3 hobgoblin skeletons (D:10)
  4 hobgoblin zombies (D:10)
  10 kobolds
  An orc skeleton (D:10)
  9 orc zombies (D:10)
  6 rats
152 creatures vanquished.

Vanquished Creatures (collateral kills)
  A troll zombie (D:10)
  A bullfrog skeleton (D:6)
  An ogre zombie (D:10)
  A leopard gecko (D:4)
  A frilled lizard (D:4)
  A goblin zombie (D:10)
  A hobgoblin zombie (D:10)
7 creatures vanquished.

Vanquished Creatures (others)
  A troll zombie (D:10)
  An ogre zombie (D:10)
2 creatures vanquished.

Grand Total: 161 creatures vanquished

Notes
Turn   | Place    | Note
-------+----------+-------------------------------------------
     0 | D:1      | MrLeft the Vampire Assassin began the quest for the Orb.
     0 | D:1      | Reached XP level 1. HP: 16/16 MP: 1/1
    33 | D:1      | Reached skill level 6 in Stealth
    33 | D:1      | Reached XP level 2. HP: 22/22 MP: 2/2
   355 | D:1      | Reached XP level 3. HP: 21/27 MP: 3/3
   557 | D:1      | Found a shattered altar of Ashenzari.
  1060 | D:1      | Reached skill level 7 in Stealth
  1183 | D:2      | Noticed Sigmund
  1501 | D:2      | Killed Sigmund
  1501 | D:2      | Reached skill level 8 in Stealth
  1501 | D:2      | Reached XP level 4. HP: 34/34 MP: 4/4
  1501 | D:2      | Reached XP level 5. HP: 39/39 MP: 5/5
  1580 | D:2      | Found an opulent altar of Gozag.
  1671 | D:2      | Noticed Jessica
  1682 | D:2      | Killed Jessica
  2342 | D:2      | Reached XP level 6. HP: 46/46 MP: 6/6
  2413 | D:2      | Found a runed door.
  2417 | D:2      | Noticed Crazy Yiuf
  2439 | D:2      | Killed Crazy Yiuf
  4212 | D:3      | Found a shimmering altar of Xom.
  4320 | D:3      | Reached skill level 9 in Stealth
  4776 | D:4      | Reached XP level 7. HP: 51/51 MP: 7/7
  5429 | D:4      | Found a blossoming altar of Fedhas.
  5445 | D:4      | Noticed Edmund
  5520 | D:5      | Entered Level 5 of the Dungeon
  5520 | D:5      | Found Aplit's Antique Armour Boutique.
  5548 | D:5      | Killed Edmund
  5548 | D:5      | Reached skill level 5 in Short Blades
  5548 | D:5      | Reached skill level 10 in Stealth
  5560 | D:5      | Bought a pair of boots for 76 gold pieces
  5670 | D:5      | Noticed Menkaure
  5684 | D:5      | Killed Menkaure
  5976 | D:5      | Reached XP level 8. HP: 55/58 MP: 8/8
  6192 | D:5      | Found Hirug's Jewellery Shoppe.
  6339 | D:5      | Found Edwor's Magic Scroll Shop.
  6368 | D:5      | Reached skill level 5 in Dodging
  6833 | D:5      | Found Ruucvel's Armour Emporium.
  7026 | D:5      | Found Peon Vid's Assorted Antiques.
  7783 | D:6      | Reached skill level 1 in Evocations
  8733 | D:7      | Reached skill level 11 in Stealth
  8799 | D:7      | Found a staircase to the Ecumenical Temple.
  8810 | Temple   | Entered the Ecumenical Temple
  8973 | Temple   | Became a worshipper of Makhleb the Destroyer
  9308 | D:7      | Reached XP level 9. HP: 44/65 MP: 10/10
  9683 | D:7      | You fall through a shaft for 3 floors!
  9683 | D:10     | Entered Level 10 of the Dungeon
  9683 | D:10     | Found a staircase to the Orcish Mines.
 10051 | D:10     | Noticed Psyche
 10301 | D:10     | Reached * piety under Makhleb
 10352 | D:10     | HP: 3/66 [killer bee (1)]
 10352 | D:10     | Slain by a killer bee

Vault maps used:
D:1:      dpeg_arrival_yet_another_circle, minmay_door_square, minivault_26,
          nrook_uturn, evilmike_ruin_ashenzari
D:2:      lemuel_doored_altar, minmay_cupped, uniq_jessica, uniq_sigmund,
          uniq_crazy_yiuf_cottage
D:3:      led_xom_imps
D:4:      fedhas_altar_2, first_ration, uniq_edmund
D:5:      serial_shops, nicolae_shop_overgrown_old_shop, shop_coins,
          nicolae_shop_crystal, nicolae_shop_trees, shop, serial_bayou,
          serial_bayou_shore_b, serial_bayou_pond_d, serial_bayou_shore_b,
          serial_bayou_lake_a, serial_bayou_shore_b, uniq_menkaure
D:7:      minmay_temple_entry_statues_fountains, minmay_parallelograms,
          grunt_livestock, moated_statue, minmay_misc_feat_plants,
          minmay_stone_trees_small
D:10:     minmay_lair_entry_lava, zombieorc2_lemuel, uniq_psyche, uniq_maurice
Temple:   dpeg_five_rooms_temple

Skill      XL: |  1  2  3  4  5  6  7  8  9 |
---------------+----------------------------+-----
Stealth        | 6 8 9 10 11 | 11.4
Fighting       | 2 3 4 |  4.5
Throwing       | 2 |  2.4
Short Blades   | 3 4 5 6 7 |  7.5
Dodging        | 2 3 4 6 7 |  7.1
Evocations     | 1 |  1.8
Unarmed Combat | |  0.4

Action                   |  1- 3 |  4- 6 |  7- 9 || total
-------------------------+-------+-------+-------++-------
Melee: Dagger            |    68 |   153 |   559 ||   780
       Bite              |     8 |    18 |    63 ||    89
       Unarmed           |    14 |    10 |     4 ||    28
       Punch             |       |       |     1 ||     1
Throw: Javelin           |     2 |       |     5 ||     7
 Abil: End Transformatio |     1 |     4 |     1 ||     6
       Bat Form          |     1 |     4 |     1 ||     6
Evoke: Wand              |       |       |    24 ||    24
  Use: Scroll            |     5 |    10 |     5 ||    20
       Potion            |     4 |    13 |    23 ||    40
 Stab: Sleeping          |     9 |    13 |     9 ||    31
       Distracted        |       |     2 |       ||     2
Armor: Robe              |    23 |    28 |    84 ||   135
Dodge: Dodged            |    79 |    89 |   347 ||   515

Table legend:
 A = Spawn XP
 B = Non-spawn XP
 C = Spawn XP percentage of total XP
 D = Spawn monster count
 E = Non-spawn monster count
 F = Spawn count percentage of total count
 G = Total turns spent on level
                    A         B        C        D         E        F      G
               +---------+---------+-------+---------+---------+-------+---------
         Total |       0 |    3668 |   0.0 |       0 |     161 |   0.0 | 10352
               +---------+---------+-------+---------+---------+-------+---------
           D:1 |       0 |      65 |   0.0 |       0 |      23 |   0.0 |  1142
           D:2 |       0 |     356 |   0.0 |       0 |      18 |   0.0 |  1548
           D:3 |       0 |     278 |   0.0 |       0 |      26 |   0.0 |  2023
           D:4 |       0 |     331 |   0.0 |       0 |      17 |   0.0 |   809
           D:5 |       0 |     648 |   0.0 |       0 |      11 |   0.0 |  1837
           D:6 |       0 |     870 |   0.0 |       0 |      22 |   0.0 |  1359
           D:7 |       0 |     395 |   0.0 |       0 |      12 |   0.0 |   689
          D:10 |       0 |     725 |   0.0 |       0 |      32 |   0.0 |   669
               +---------+---------+-------+---------+---------+-------+---------
